 Dungeon Crawl Stone Soup version 0.31-a0-200-gbc41564c69 (webtiles) character file.

Game seed: 11446047605541083908

209 qw the Skirmisher (level 5, -3/30 HPs)
             Began as a Deep Elf Hunter on June 25, 2023.
             Slain by Grinder (12 damage)
             ... on level 3 of the Dungeon.
             The game lasted 00:00:46 (1744 turns).

qw the Skirmisher (Deep Elf Hunter)                 Turns: 1744, Time: 00:00:47

Health: -3/30      AC: 10    Str:  9    XL:     5   Next: 55%
Magic:  7/7        EV: 11    Int: 18    God:
Gold:   109        SH:  0    Dex: 20    Spells: 4/4 levels left

rFire   . . .        a - +3 arbalest "Laxis" {heavy, Dex+3 Stlth+}
rCold   . . .        (shield currently unavailable)
rNeg    . . .        b - +0 ring mail
rPois   .            (no helmet)
rElec   .            (no cloak)
rCorr   .            d - +1 pair of gloves
SInv    +            j - +2 pair of boots
Will    .....        (no amulet)
Stlth   ++           (no ring)
HPRegen 0.25/turn    (no ring)
MPRegen 0.10/turn

%: no passive effects
@: no status effects
A: hooves 1, see invisible, clever 1, MP-powered wands
a: no special abilities


You were on level 3 of the Dungeon.
You visited 1 branch of the dungeon, and saw 3 of its levels.

You collected 109 gold pieces.


Innate Abilities, Weirdness & Mutations

You have large cloven feet.
You have supernaturally acute eyesight. (SInv)
Your mind is acute. (Int +4, Str/Dex -1)
You expend magic power (3 MP) to strengthen your wands.


   Skills:
 + Level 1.8 Fighting
 - Level 9.0 Ranged Weapons
 - Level 2.4 Dodging
 - Level 1.2 Stealth


You had 4 spell levels left.
You didn't know any spells.
Your spell library was empty.

Inventory:

Hand Weapons
 a - the +3 arbalest "Laxis" (weapon) {heavy, Dex+3 Stlth+}
   (You acquired it on level 2 of the Dungeon)

   Dex:       It affects your dexterity (+3).
   Stlth:     It makes you more stealthy.
Armour
 b - a +0 ring mail (worn)
 d - a +1 pair of gloves (worn)
 i - a +0 helmet
 j - a +2 pair of boots (worn)
Scrolls
 c - 2 scrolls of enchant weapon {unknown}
 e - a scroll of fog {unknown}
 h - a scroll of identify
Potions
 f - a potion of curing
 g - a potion of invisibility {unknown}
 k - 2 potions of mutation

Dungeon Overview and Level Annotations

Branches:
Dungeon (3/15)

Altars:
Wu Jian

Annotations:
D:3 Grinder


Message History

You shoot a bolt. The orc shouts!
The bolt hits the orc!!!
You kill the orc!
g - a lumpy purple potion
Things that are here:
a +0 short sword; an orc corpse
Enter note:
Found an ornate altar of the Wu Jian Council.
Enter note:
Enter note: A bat comes into view.
Enter note:
Enter note: You shoot a bolt.
The bolt hits the bat!!
You kill the bat!
You now have 106 gold pieces (gained 10).
i - a +0 helmet
Enter note:
Enter note: You now have 109 gold pieces (gained 3).
Found a stone staircase leading down.
Enter note:
Enter note: Grinder comes into view.
Grinder shouts!
Enter note:
Enter note: You shoot a bolt.
The bolt hits Grinder but does no damage.
Grinder gestures at you. Pain shoots through your body!
You shoot a bolt. The bolt closely misses Grinder.
Grinder hits you but does no damage.
Grinder drinks a potion.
Grinder seems to grow stronger.
Grinder hits you but does no damage.
You shoot a bolt. The bolt closely misses Grinder.
Grinder hits you!
Grinder says, "What is the universe for?"
Grinder hits you!
You die...

......)..#.########.#
........)........##.#
##.#############.##.###
#.#...........#......#.
#.#.####.####.#............
#.#....#.#....#............
##.####.#.#.####............
........#.#.................
#########.######@...........
.......5............
...####.............
##..>..... ##.....#. ######


You could see Grinder (strong).

Vanquished Creatures
  2 orc priests
  2 orc wizards (D:3)
  3 adders
  2 dart slugs
  6 orcs
  5 ball pythons
  3 bats
  4 endoplasms
  3 giant cockroaches
  3 goblins
  4 hobgoblins
  5 jackals (D:2)
  8 kobolds
  4 quokkas
  3 frilled lizards
  5 rats
62 creatures vanquished.

Notes
Turn   | Place    | Note
-------+----------+-------------------------------------------
     0 | D:1      | qw the Deep Elf Hunter began the quest for the Orb.
     0 | D:1      | Reached XP level 1. HP: 12/12 MP: 3/3
     0 | D:1      | 0 ||| qw: Version: 0.3-a-22-g0ed2b0b
     0 | D:1      | 0 ||| qw: Game counter: 5523
     0 | D:1      | 0 ||| qw: Melee chars always use a shield: true
     0 | D:1      | 0 ||| qw: God list: Okawaru
     0 | D:1      | 0 ||| qw: Allow faded altars: false
     0 | D:1      | 0 ||| qw: Do Orc after clearing Dungeon:15 true
     0 | D:1      | 0 ||| qw: Do second Lair branch before Depths: true
     0 | D:1      | 0 ||| qw: Lair rune preference: random
     0 | D:1      | 0 ||| qw: Goals: Normal
     0 | D:1      | 0 ||| PLANNING D:1-11
    74 | D:1      | 74 ||| UPGRADING to +0 pair of gloves.
   114 | D:1      | Reached skill level 6 in Ranged Weapons
   114 | D:1      | Reached XP level 2. HP: 16/16 MP: 4/4
   469 | D:1      | 469 ||| UPGRADING to +2 pair of boots.
   630 | D:1      | Reached XP level 3. HP: 20/20 MP: 5/5
   668 | D:1      | 668 ||| READING scroll labelled IMIEFE GEPUNAU.
   673 | D:1      | 673 ||| READING scroll labelled FUTUMM KUINAIM.
   674 | D:1      | 674 ||| DRINKING 2 viscous silvery potions.
   728 | D:1      | 728 ||| DRINKING 3 murky golden potions.
   729 | D:1      | 729 ||| DRINKING 2 silvery potions.
   729 | D:1      | Gained mutation: You have large cloven feet. [potion of
                  | mutation]
   729 | D:1      | Gained mutation: You expend magic power (3 MP) to
                  | strengthen your wands. [potion of mutation]
   729 | D:1      | Gained mutation: Your mind is acute. (Int +4, Str/Dex -1)
                  | [potion of mutation]
   729 | D:1      | Gained mutation: You have supernaturally acute eyesight.
                  | (SInv) [potion of mutation]
   730 | D:1      | 730 ||| DROPPING scroll of butterflies.
   731 | D:1      | 731 ||| DROPPING potion of lignification.
   920 | D:2      | Reached skill level 7 in Ranged Weapons
  1280 | D:2      | 1280 ||| UPGRADING to +0 ring mail.
  1290 | D:2      | 1290 ||| DROPPING +0 leather armour.
  1291 | D:2      | 1291 ||| READING scroll labelled RUIGEE BONTIE.
  1291 | D:2      | Identified a scroll of acquirement
  1291 | D:2      | 1291 ||| ACQUIRING +3 arbalest "Laxis" {heavy, Dex+3
                  | Stlth+}
  1291 | D:2      | Acquired the +3 arbalest "Laxis" {heavy, Dex+3 Stlth+}
  1293 | D:2      | 1293 ||| SWAPPING to +3 arbalest "Laxis" {heavy, Dex+3
                  | Stlth+}.
  1294 | D:2      | 1294 ||| DROPPING +0 shortbow.
  1295 | D:2      | 1295 ||| READING 2 scrolls labelled KUASCH XEAMIWA.
  1296 | D:2      | 1296 ||| READING scroll labelled FODDEN SUZUSE.
  1297 | D:2      | 1297 ||| READING 2 scrolls labelled GAIKKE SAIJI.
  1298 | D:2      | 1298 ||| READING scroll of enchant armour.
  1298 | D:2      | 1298 ||| ENCHANTING +0 pair of gloves.
  1299 | D:2      | 1299 ||| READING scroll labelled LAILOI AGRIEWE.
  1300 | D:2      | 1300 ||| DRINKING 3 blue potions.
  1306 | D:3      | 1306 ||| STAIRDANCE
  1308 | D:2      | HP: 1/20 [orc priest/divine providence (11)]
  1309 | D:2      | 1309 ||| DRINKING 2 potions of heal wounds.
  1311 | D:2      | Reached XP level 4. HP: 10/25 MP: 6/6
  1313 | D:2      | HP: 4/25 [orc/+0 mace (5)]
  1314 | D:2      | 1314 ||| DRINKING potion of heal wounds.
  1440 | D:3      | Reached skill level 8 in Ranged Weapons
  1505 | D:3      | Reached XP level 5. HP: 11/29 MP: 7/7
  1507 | D:3      | 1507 ||| DRINKING 2 potions of curing.
  1507 | D:3      | 1507 ||| (to cure confusion)
  1510 | D:3      | Reached skill level 9 in Ranged Weapons
  1510 | D:3      | HP: 7/29 [orc/+0 whip (2)]
  1515 | D:3      | HP: 4/29 [orc/+0 whip (1)]
  1666 | D:3      | Found an ornate altar of the Wu Jian Council.
  1741 | D:3      | Noticed Grinder
  1744 | D:3      | Slain by Grinder

Levels and vault maps discovered:
D:1:      dpeg_arrival_simpleton_a, layout_loops_ring, serial_bayou_lagoon_b
D:2:      layout_basic, grunt_decor_resistance
D:3:      layout_rooms, mainiacjoe_overflow_catwalk, roderic_lattice_a,
          uniq_grinder

Skill      XL: |  1  2  3  4  5 |
---------------+----------------+-----
Ranged Weapons | 6 7 8 9 |  9.0
Fighting       | |  1.8
Dodging        | |  2.4
Stealth        | |  1.2

Action                     |  1- 3 |  4- 6 || total
---------------------------+-------+-------++-------
   Fire: Shortbow          |    96 |       ||    96
         Arbalest          |     3 |    46 ||    49
    Use: Scroll            |     8 |       ||     8
         Potion            |     5 |     2 ||     7
 Armour: Leather armour    |     7 |       ||     7
         Ring mail         |     5 |    54 ||    59
  Dodge: Dodged            |    29 |    50 ||    79

Table legend:
 A = Non-vault XP
 B = Vault XP
 C = Vault XP percentage of total XP
 D = Non-vault monster count
 E = Vault monster count
 F = Vault count percentage of total count
                 A         B        C        D         E       F
            +---------+---------+-------+---------+---------+-------
      Total |     299 |       0 |   0.0 |      62 |       0 |   0.0
            +---------+---------+-------+---------+---------+-------
        D:1 |      41 |       0 |   0.0 |      23 |       0 |   0.0
        D:2 |      99 |       0 |   0.0 |      19 |       0 |   0.0
        D:3 |     159 |       0 |   0.0 |      20 |       0 |   0.0
            +---------+---------+-------+---------+---------+-------
